 Dungeon Crawl Stone Soup version 0.24-a0-581-gc0fa6600bf (webtiles) character file.

Game seed: 18083879494647728342

560 MisterOstroum the Chiller (level 7, -1/54 HPs)
             Began as a Vampire Ice Elementalist on Aug 25, 2019.
             Was a Follower of Ashenzari.
             Slain by Duvessa
             ... wielding a +2 antimagic short sword
              (3 damage)
             ... on level 3 of the Dungeon.
             The game lasted 00:19:18 (4405 turns).

MisterOstroum the Chiller (VpIE)                    Turns: 4405, Time: 00:19:18

Health: -1/54      AC:  4    Str:  7    XL:     7   Next: 9%
Magic:  1/10       EV: 12    Int: 20    God:    Ashenzari [*.....]
Gold:   142        SH:  0    Dex: 14    Spells: 7/10 levels left

rFire    + . .     SeeInvis +   s - +1 dagger (elec)
rCold    . . .     Gourm    .   (no shield)
rNeg     . . .     Faith    .   a - +0 robe (curse)
rPois    .         Spirit   .   (no helmet)
rElec    .         Reflect  .   o - +0 cloak
rCorr    .         Harm     .   f - +0 pair of gloves
MR       .....                  (no boots)
Stlth    +.........             (no amulet)
HPRegen  0.38/turn              k - ring of protection from fire (curse)
MPRegen  0.12/turn              (no ring)

@: regenerating quickly, glowing
A: no food, fangs 3, see invisible, unbreathing
a: Exsanguinate, Curse Item, Scrying, Renounce Religion


You were on level 3 of the Dungeon.
You worshipped Ashenzari.
Ashenzari was aware of your devotion.
You were alive.

You visited 1 branch of the dungeon, and saw 4 of its levels.

You collected 142 gold pieces.

Inventory:

Hand Weapons
 l - a +0 hand axe
 p - a +2 quarterstaff of chaos
 s - a +1 dagger of electrocution (weapon)
Missiles
 d - 68 arrows
 i - 44 stones (quivered)
 r - 15 poisoned darts
 u - 5 javelins
Armour
 a - a cursed +0 robe (worn)
 f - a +0 pair of gloves (worn)
 o - a +0 cloak (worn)
Jewellery
 k - a cursed ring of protection from fire (left hand)
Wands
 v - a wand of iceblast (3)
Scrolls
 b - a scroll of identify {unknown}
 e - a scroll of magic mapping {unknown}
 g - 3 scrolls of fog {unknown}
 h - a scroll of teleportation {unknown}
 n - a scroll of noise {unknown}
 t - a scroll of random uselessness {unknown}
Potions
 c - 2 potions of heal wounds {unknown}
 j - 4 potions of mutation {unknown}
 m - 3 potions of invisibility {unknown}
 q - a potion of lignification {unknown}


   Skills:
 - Level 4.0 Fighting
 - Level 1.0 Short Blades
 - Level 2.1 Dodging
 - Level 3.0 Stealth
 - Level 2.0 Spellcasting
 - Level 0.6 Conjurations
 - Level 6.4 Ice Magic
 + Level 0.9 Evocations


You had 7 spell levels left.
You knew the following spells:

 Your Spells              Type           Power        Failure   Level  Hunger
a - Freeze                Ice            ####         1%          1    N/A
b - Throw Frost           Conj/Ice       ###...       5%          2    N/A

Your spell library contained the following spells:

 Spells                   Type           Power        Failure   Level  Hunger
 Ozocubu's Armour         Chrm/Ice       ##......     13%         3    N/A
 Throw Icicle             Conj/Ice       ###.....     36%         4    N/A
 Summon Ice Beast         Ice/Summ       ##......     38%         4    N/A

Dungeon Overview and Level Annotations

Branches:
Dungeon (4/15)
 Temple: D:4-7

Altars:
Ashenzari
Gozag
Kikubaaqudgha
Xom
Yredelemnul

Annotations:
D:3 Dowan, Duvessa
D:4 3 runed translucent doors


Innate Abilities, Weirdness & Mutations

You do not eat.
Your natural rate of healing is unusually fast.
You have razor-sharp teeth.
You have supernaturally acute eyesight. (SInv)
You can survive without breathing.


Message History

Duvessa, Sister of Dowan comes into view.
She is wielding a +2 antimagic short sword.
Duvessa shouts!
Found an uncursed mace.
Dowan, Brother of Duvessa comes into view.
He is wielding a +0 dagger.
Dowan moves out of view.
Press: ? - help, v - describe, . - travel
Here: Duvessa, wielding a +2 antimagic short sword and wearing a cursed -2 leather armour The floor.
Duvessa says, "When magic and the sword combine, nothing stands against them."
Casting: Freeze (safe; 1% risk of failure)
Confirm with . or Enter, or press ? or * to list all spells.
Aiming: Throw Frost (safe; 5% risk of failure)
Press: ? - help, Shift-Dir - straight line, f - Duvessa
Aim: Duvessa, wielding a +2 antimagic short sword and wearing a cursed -2 leather armour The puff of frost hits Duvessa!
Duvessa is lightly wounded.
Casting: Throw Frost (safe; 5% risk of failure)
Confirm with . or Enter, or press ? or * to list all spells.
Aiming: Throw Frost (safe; 5% risk of failure)
Press: ? - help, Shift-Dir - straight line, f/p - Duvessa
Aim: Duvessa, wielding a +2 antimagic short sword and wearing a cursed -2 leather armour (lightly wounded)
The puff of frost hits Duvessa.
Duvessa is moderately wounded.
Casting: Throw Frost (safe; 5% risk of failure)
Confirm with . or Enter, or press ? or * to list all spells.
Aiming: Freeze (safe; 1% risk of failure)
Press: ? - help, Shift-Dir - straight line, f/p - Duvessa
Aim: Duvessa, wielding a +2 antimagic short sword and wearing a cursed -2 leather armour (moderately wounded)
You freeze Duvessa.
Duvessa is moderately wounded.
Duvessa hits you with a +2 antimagic short sword.
You feel your power leaking away.
Casting: Freeze (safe; 1% risk of failure)
Confirm with . or Enter, or press ? or * to list all spells.
Aiming: Freeze (safe; 1% risk of failure)
Press: ? - help, Shift-Dir - straight line, f/p - Duvessa
Aim: Duvessa, wielding a +2 antimagic short sword and wearing a cursed -2 leather armour (moderately wounded)
You miscast Freeze.
You are very lightly contaminated with residual magic.
Nothing appears to happen.
Duvessa hits you with a +2 antimagic short sword.
You feel your power leaking away.
Casting: Freeze (safe; 1% risk of failure)
Confirm with . or Enter, or press ? or * to list all spells.
Aiming: Freeze (safe; 1% risk of failure)
Press: ? - help, Shift-Dir - straight line, f/p - Duvessa
Aim: Duvessa, wielding a +2 antimagic short sword and wearing a cursed -2 leather armour (moderately wounded)
You freeze Duvessa!
Duvessa is heavily wounded.
Duvessa barely misses you.
Dowan shouts!
Dowan casts a spell at Duvessa.
Duvessa seems to speed up.
Duvessa misses you.
An adder skeleton comes into view.
Duvessa hits you with a +2 antimagic short sword.
You feel your power leaking away. Dowan hits you with a +0 dagger.
Duvessa hits you with a +2 antimagic short sword!
Dowan casts a spell at you.
You are outlined in light.
The adder skeleton bites you.
Duvessa hits you with a +2 antimagic short sword!
The adder skeleton barely misses you. The adder skeleton bites you.
Dowan smirks and points a slender finger.
Duvessa hits you with a +2 antimagic short sword!
Found a stone staircase leading down.
Dowan gestures wildly while chanting.
Dowan blinks! 2 orcs come into view.
An orc is wielding a +0 falchion of protection.
The orc shouts!
Duvessa barely misses you.
An orc comes into view. It is wielding a +0 whip.
An orc comes into view.
The orc shouts! x2
Dowan smirks and points a slender finger.
Found a ration.
There is a stone staircase leading up here.
The orc shouts!
Duvessa hits you but does no damage. The adder skeleton bites you.
Dowan barely misses you.
Duvessa hits you with a +2 antimagic short sword.
* * * LOW HITPOINT WARNING * * *
You feel your power leaking away.
You climb upwards.
There is a stone staircase leading down here.
Dowan gestures at you while chanting. The puff of frost hits you.
* * * LOW HITPOINT WARNING * * *
Duvessa hits you with a +2 antimagic short sword!
* * * LOW HITPOINT WARNING * * *
Dowan casts a spell.
Dowan blinks!
Duvessa hits you with a +2 antimagic short sword.
* * * LOW HITPOINT WARNING * * *
Your magical contamination has completely faded away.
Dowan mumbles some strange words.
Dowan blinks!
Duvessa hits you with a +2 antimagic short sword.
You die...

# #..#.## ##.......## ##.###.#
####....####.........####...##.#
...........+..>......'.......#.#
####....####......e..####...##.#
####.#.## ##.......## ##.###.#
##.....#######.....## #####.##
##.#.........##...#### ##.....
##.#...#####.###e....# #....##
##.....#####.###@###.# #..###
##..#.†#.......)...#.# #..#
##...<....##.###.#.#.# #..####
#.#......##.##......# #......
#.#.........#.....### #.#####
#...........##....########.#
###.........###<#..........#
#.........# ##############
####...####


You could see Duvessa and Dowan.

Vanquished Creatures
  Sigmund (D:2)
  A human (D:2)
  Crazy Yiuf (D:2)
  A centaur skeleton (D:4)
  Terence (D:2)
  An orc wizard (D:4)
  A human skeleton (D:2)
  2 adders
  2 oozes
  A worm (D:3)
  2 dart slugs
  3 leopard geckos
  8 orcs
  A ball python (D:2)
  4 giant cockroaches
  7 goblins
  7 hobgoblins
  8 jackals
  7 kobolds
  2 quokkas
  7 bats
  5 frilled lizards
  A jackal skeleton (D:2)
  12 rats
86 creatures vanquished.

Notes
Turn   | Place    | Note
-------+----------+-------------------------------------------
     0 | D:1      | MisterOstroum the Vampire Ice Elementalist began the quest
                  | for the Orb.
     0 | D:1      | Reached XP level 1. HP: 13/13 MP: 3/3
   184 | D:1      | Reached XP level 2. HP: 17/19 MP: 0/5
   199 | D:1      | Learned a level 2 spell: Throw Frost
   638 | D:1      | Reached skill level 4 in Ice Magic
   885 | D:1      | Reached XP level 3. HP: 17/24 MP: 1/6
  1455 | D:2      | Found a white marble altar of Elyvilon.
  1457 | D:2      | Found a glowing silver altar of Zin.
  1457 | D:2      | Found a glowing silver altar of Zin.
  1459 | D:2      | Found a blossoming altar of Fedhas.
  1459 | D:2      | Found a sacrificial altar of Ru.
  1459 | D:2      | Found a shimmering altar of Xom.
  1542 | D:2      | Found a shattered altar of Ashenzari.
  1550 | D:2      | Became a worshipper of Ashenzari the Shackled
  1647 | D:2      | Noticed Sigmund
  1669 | D:2      | Killed Sigmund
  1669 | D:2      | Reached skill level 6 in Ice Magic
  1669 | D:2      | Reached XP level 4. HP: 24/30 MP: 0/7
  1669 | D:2      | Reached XP level 5. HP: 29/35 MP: 0/8
  1747 | D:2      | Found a runed translucent door.
  1747 | D:2      | Noticed a human
  1787 | D:2      | Reached skill level 1 in Fighting
  1901 | D:2      | Found a basalt altar of Yredelemnul.
  1922 | D:2      | Killed a human
  1922 | D:2      | Reached XP level 6. HP: 28/47 MP: 2/9
  1995 | D:2      | Found an ancient bone altar of Kikubaaqudgha.
  2289 | D:2      | Noticed Terence
  2297 | D:2      | Killed Terence
  2445 | D:2      | Found a runed translucent door.
  2446 | D:2      | Noticed Crazy Yiuf
  2699 | D:2      | Killed Crazy Yiuf
  3514 | D:3      | Found an opulent altar of Gozag.
  3731 | D:3      | Reached * piety under Ashenzari
  4062 | D:4      | Found a runed translucent gate.
  4062 | D:4      | Found a runed translucent gate.
  4063 | D:4      | Found a runed translucent gate.
  4097 | D:4      | Reached skill level 1 in Short Blades
  4097 | D:4      | Reached XP level 7. HP: 39/54 MP: 10/10
  4145 | D:4      | Found a basalt altar of Yredelemnul.
  4370 | D:4      | Noticed Duvessa
  4372 | D:4      | Noticed Dowan
  4403 | D:3      | HP: 1/54 [Duvessa/+2 antimagic short sword (4)]
  4405 | D:3      | Slain by Duvessa

Levels and vault maps discovered:
D:1:      beargit_arrival_greenhouse, layout_basic
D:2:      layout_loops_ring, lemuel_doored_altar, doesnt_xom_only_xom,
          ashenzari_altar_1, nicolae_overflow_hidden_temple, grunt_ministairs_7,
          hangedman_decor_push, dk_yredelemnul_ordeal, uniq_sigmund,
          uniq_crazy_yiuf_cottage, uniq_terence
D:3:      layout_loops_corners, nicolae_overflow_crystal_walls
D:4:      layout_layer_cave, old_standard_altar, kennysheep_mini_moat,
          gammafunk_ghost_icy, chequers_garden, uniq_duvessa

Skill      XL: |  1  2  3  4  5  6 |
---------------+-------------------+-----
Ice Magic      | 4 6 |  6.4
Fighting       | 3 4 |  4.0
Short Blades   | 1 |  1.0
Dodging        | |  2.1
Stealth        | |  3.0
Spellcasting   | |  2.0
Conjurations   | |  0.6
Evocations     | |  0.9

Action                   |  1- 3 |  4- 6 |  7- 9 || total
-------------------------+-------+-------+-------++-------
Melee: Unarmed           |    21 |       |       ||    21
       Bite              |     4 |     6 |       ||    10
       Hand axe          |    32 |    37 |       ||    69
       Club              |     4 |       |       ||     4
       Dagger            |       |    27 |     4 ||    31
       Quarterstaff      |       |    20 |       ||    20
Throw: Stone             |     9 |    17 |     2 ||    28
 Cast: Freeze            |    47 |    18 |     5 ||    70
       Throw Frost       |    12 |    26 |     7 ||    45
Invok: Curse Item        |     1 |     1 |       ||     2
 Stab: Sleeping          |     2 |     1 |       ||     3
Armor: Robe              |     9 |    20 |     1 ||    30
Dodge: Dodged            |    64 |    81 |     7 ||   152

Table legend:
 A = Non-vault XP
 B = Vault XP
 C = Vault XP percentage of total XP
 D = Non-vault monster count
 E = Vault monster count
 F = Vault count percentage of total count
                 A         B        C        D         E       F
            +---------+---------+-------+---------+---------+-------
      Total |     253 |     548 |  68.4 |      78 |       8 |   9.3
            +---------+---------+-------+---------+---------+-------
        D:1 |      48 |       0 |   0.0 |      26 |       0 |   0.0
        D:2 |      59 |     548 |  90.3 |      25 |       8 |  24.2
        D:3 |      50 |       0 |   0.0 |      18 |       0 |   0.0
        D:4 |      96 |       0 |   0.0 |       9 |       0 |   0.0
            +---------+---------+-------+---------+---------+-------
